 Dungeon Sprint DCSS version 0.27-a0-562-g0d39f094a4 (webtiles) character file.

Game seed: 10598028642874324418

5398 rocky1 the Geomancer (level 10, -11/57 HPs)
             Began as an Octopode Earth Elementalist on Mar 8, 2021.
             Was a High Priest of Sif Muna.
             Mangled by a deep troll (20 damage)
             ... in the Dungeon (Sprint VII: "The Pits").
             The game lasted 00:15:19 (1765 turns).

rocky1 the Geomancer (Octopode Earth Elementalist)  Turns: 1765, Time: 00:15:20

Health: -11/57     AC:  1    Str: 11    XL:     10   Next: 66%
Magic:  22/22      EV: 17    Int: 23    God:    Sif Muna [*****.]
Gold:   0          SH:  0    Dex: 13    Spells: 5/26 levels left

rFire    . . .     SeeInvis .   k - +2 quarterstaff (protect)
rCold    . . .     Faith    .   (shield currently unavailable)
rNeg     . . .     Spirit   .   (helmet restricted)
rPois    .         Reflect  .   (no amulet)
rElec    .         Harm     .   l - +3 ring of intelligence
rCorr    .         Rampage  .   m - +3 ring of strength
Will     .....     NoTele   +   (no ring)
Stlth    +++.......             (no ring)
HPRegen  0.19/turn              (no ring)
MPRegen  0.18/turn              (no ring)
                                (no ring)
                                (no ring)

@: no status effects
A: almost no armour, amphibious, 8 rings, constrict 8, camouflage 1, gelatinous
body 1, nimble swimmer 1
a: Renounce Religion, Channel Magic, Forget Spell, Divine Exegesis


You were in the Dungeon.
You worshipped Sif Muna.
Sif Muna was extremely pleased with you.
You visited 1 branch

Inventory:

Hand Weapons
 k - a +2 quarterstaff of protection (weapon)
 p - a +4 quarterstaff of speed
Missiles
 b - 6 stones
Jewellery
 l - a +3 ring of intelligence (left tentacle)
 m - a +3 ring of strength (right tentacle)
Scrolls
 h - a scroll of blinking
 i - 5 scrolls of amnesia
 j - a scroll of summoning
Potions
 a - 2 potions of invisibility
 c - 8 potions of curing
 d - 3 potions of heal wounds
 e - a potion of haste
 f - 3 potions of magic
 g - 5 potions of berserk rage
 n - a potion of might
 o - a potion of brilliance


   Skills:
 - Level 0.4 Fighting
 + Level 9.2 Dodging
 - Level 2.6 Stealth
 - Level 0.2 Unarmed Combat
 + Level 8.6 Spellcasting
 + Level 9.0 Conjurations
 + Level 9.0 Transmutations
 + Level 14.8 Earth Magic
 + Level 9.9 Invocations


You had 5 spell levels left.
You knew the following spells:

 Your Spells              Type           Power      Damage    Failure   Level
a - Sandblast             Erth           100%       2d20      0%          1
b - Stone Arrow           Conj/Erth      100%       3d13      1%          3
c - Lee's Rapid Deconstr  Erth           33%        3d18*     1%          5
d - Statue Form           Tmut/Erth      40%        N/A       8%          6
e - Iron Shot             Conj/Erth      30%        9d6       8%          6

Your spell library contained the following spells:

 Spells                   Type           Power      Damage    Failure   Level
 Foxfire                  Conj/Fire      100%       2x1d9     1%          1
 Passwall                 Tmut/Erth      50%        N/A       1%          2
 Petrify                  Tmut/Erth      60%        N/A       1%          4
 Static Discharge         Conj/Air       30%        N/A       3%          3
 Leda's Liquefaction      Hex/Erth       22%        N/A       3%          4
 Mephitic Cloud           Conj/Pois/Air  23%        N/A       5%          3
 Animate Skeleton         Necr           18%        N/A       7%          1
 Summon Small Mammal      Summ           36%        N/A       7%          1
 Bolt of Magma            Conj/Fire/Erth 23%        4d11      7%          5
 Borgnjor's Vile Clutch   Necr/Erth      22%        N/A       9%          5
 Sticky Flame             Conj/Fire      30%        2d5       10%         4
 Inner Flame              Hex/Fire       9%         N/A       21%         3
 Dispel Undead            Necr           9%         3d8       54%         4
 Conjure Ball Lightning   Conj/Air       15%        3x3d6     83%         6
 Lehudib's Crystal Spear  Conj/Erth      30%        10d8      97%         8
 Shadow Creatures         Summ           N/A        N/A       100%        6
 Chain Lightning          Conj/Air       15%        N/A       100%        8
 Infestation              Necr           4%         N/A       100%        8
 Tornado                  Air            4%         N/A       100%        9


Dungeon Overview and Level Annotations

Branches:
Dungeon (1/1)

Altars:
Ashenzari
Cheibriados
Dithmenos
Elyvilon
Fedhas
Gozag
Hepliaklqana
Kikubaaqudgha
Makhleb
Nemelex Xobeh
Okawaru
Qazlal
Ru
Sif Muna
Trog
Uskayaw
Vehumet
Wu Jian
Xom
Yredelemnul
Zin
The Shining One
Beogh
Jiyva
Lugonu


Innate Abilities, Weirdness & Mutations

You cannot wear most types of armour.
You are amphibious.
You can wear up to eight rings at the same time.
You can use your tentacles to constrict eight enemies at once.
Your skin changes colour to match your surroundings (Stealth+).
Your rubbery body absorbs attacks. (AC +1, EV +1)
You are stealthy while swimming. (Stealth+)


Message History

Sif Muna accepts your kill.
The blast of rock fragments hits the deep troll.
The deep troll is moderately wounded.
The deep troll closely misses you. x3; The snapping turtle closely misses you.
Your Transmutations skill increases to level 9!
Unknown command.
Casting: Lee's Rapid Deconstruction (dangerous; 1% risk of failure)
Confirm with . or Enter, or press ? or * to list all spells.
Aiming: Lee's Rapid Deconstruction (dangerous; 1% risk of failure)
Press: ? - help, Dir - move target, f/p - snapping turtle Fragment what (e.g. wall or brittle monster)?: a snapping turtle (heavily wounded)
An open door, spattered with blood.
The stone door frame shatters!
The blast of rock fragments hits the snapping turtle!
The snapping turtle is severely wounded.
The blast of rock fragments hits the deep troll!
The deep troll is heavily wounded.
The deep troll closely misses you. The deep troll misses you.
The deep troll claws you!
* * * LOW HITPOINT WARNING * * *
The snapping turtle misses you.
Unknown command.
You feel much better. The deep troll bites you!! The deep troll claws you!
* * * LOW HITPOINT WARNING * * *
The deep troll barely misses you.
A bog body comes into view.
The snapping turtle bites you from afar.
* * * LOW HITPOINT WARNING * * *
Unknown command.
You feel much better. The deep troll closely misses you.
The deep troll claws you!
* * * LOW HITPOINT WARNING * * *
The deep troll barely misses you. The snapping turtle closely misses you.
Unknown command.
You feel much better.
You feel less invigorated.
A swamp dragon comes into view.
The deep troll bites you!!
* * * LOW HITPOINT WARNING * * *
The deep troll claws you!!
You die...

...............++.†#
.....#..#......##.......
...............# .......
##'#####['###### #######
......##')# ########
......##.†# #t.nD.)#
......##.)# #..#t#..wW..
..<...##..##.T##T##.....
......##).##.##.@.##...#
......##..####.....# .##
......##.)†##......# .#
########...))......+ +
########...##......#
.#..[[##..####.....#
.#..[[##..# ##...##
.'..).##..# ##.##
.#..))##..# #+#


You could see a swamp dragon (wandering), a snapping turtle, a deep troll and a
bog body.

Vanquished Creatures
  A sea snake (D)
  A deep elf zephyrmancer (D)
  A cyclops (D)
  Maurice (D)
  A molten gargoyle (D)
  3 kobold demonologists (D)
  2 demonic crawlers (D)
  An ice devil (D)
  5 blink frogs (D)
  A snapping turtle (D)
  2 shadows (D)
  A fire bat (D)
  A sky beast (D)
  A necrophage (D)
  A bullfrog (D)
  A wight (D)
  An orc priest (D)
  2 orc wizards (D)
  A white imp (D)
  2 ufetubi (D)
  An ooze (D)
  A worm (D)
  A leopard gecko (D)
  5 orcs (D)
  A giant cockroach (D)
  2 goblins (D)
  9 jackals (D)
  2 kobolds (D)
  A quokka (D)
  2 ball pythons (D)
  A frilled lizard (D)
56 creatures vanquished.

Notes
Turn   | Place    | Note
-------+----------+-------------------------------------------
     0 | D        | rocky1 the Octopode Earth Elementalist began the quest for
                  | the Orb.
     0 | D        | Reached XP level 1. HP: 11/11 MP: 3/3
    23 | D        | Found a bloodstained altar of Trog.
    23 | D        | Found a shimmering blue altar of Sif Muna.
    23 | D        | Found a viscous altar of Jiyva.
    23 | D        | Found a hazy altar of Hepliaklqana.
    23 | D        | Found an opulent altar of Gozag.
    24 | D        | Found a glowing golden altar of the Shining One.
    24 | D        | Found a glowing silver altar of Zin.
    24 | D        | Found a basalt altar of Yredelemnul.
    24 | D        | Found a shimmering altar of Xom.
    24 | D        | Found an ornate altar of the Wu Jian Council.
    24 | D        | Found a sacrificial altar of Ru.
    24 | D        | Found a stormy altar of Qazlal.
    24 | D        | Found an iron altar of Okawaru.
    24 | D        | Found a sparkling altar of Nemelex Xobeh.
    24 | D        | Found a burning altar of Makhleb.
    24 | D        | Found a blossoming altar of Fedhas.
    24 | D        | Found a white marble altar of Elyvilon.
    24 | D        | Found a shadowy altar of Dithmenos.
    24 | D        | Found a snail-covered altar of Cheibriados.
    27 | D        | Found a corrupted altar of Lugonu.
    27 | D        | Found a radiant altar of Vehumet.
    28 | D        | Found an ancient bone altar of Kikubaaqudgha.
    28 | D        | Found a hide-covered altar of Uskayaw.
    28 | D        | Found a broken altar of Ashenzari.
    29 | D        | Became a worshipper of Sif Muna the Loreminder
    80 | D        | Reached skill level 4 in Earth Magic
    84 | D        | Reached XP level 2. HP: 6/17 MP: 1/5
    84 | D        | Reached * piety under Sif Muna
    85 | D        | Reached skill level 5 in Earth Magic
   382 | D        | Reached ** piety under Sif Muna
   508 | D        | Reached skill level 6 in Earth Magic
   509 | D        | Reached *** piety under Sif Muna
   517 | D        | Reached XP level 3. HP: 18/22 MP: 1/6
   590 | D        | HP: 1/22 [white imp/puff of frost (10)]
   593 | D        | Noticed a fire bat
   598 | D        | Reached **** piety under Sif Muna
   599 | D        | Reached skill level 7 in Earth Magic
   599 | D        | Noticed a bullfrog
   601 | D        | Killed a fire bat
   602 | D        | Reached skill level 11 in Earth Magic
   602 | D        | Reached XP level 4. HP: 27/27 MP: 3/7
   602 | D        | Reached XP level 5. HP: 32/32 MP: 3/8
   604 | D        | Reached skill level 12 in Earth Magic
   604 | D        | Reached XP level 6. HP: 37/37 MP: 1/9
   676 | D        | Learned a level 3 spell: Stone Arrow
   682 | D        | Learned a level 5 spell: Lee's Rapid Deconstruction
   698 | D        | Reached ***** piety under Sif Muna
   738 | D        | Identified Sif Muna's Handbook of Creative Flames (Sif Muna
                  | gifted it to you in the Dungeon)
   738 | D        | Received a gift from Sif Muna
   741 | D        | Noticed a cyclops
   748 | D        | Killed a cyclops
   749 | D        | Reached XP level 7. HP: 42/42 MP: 1/13
   839 | D        | Reached skill level 13 in Earth Magic
   840 | D        | Reached skill level 5 in Dodging
   840 | D        | Reached skill level 5 in Invocations
   840 | D        | Reached XP level 8. HP: 47/47 MP: 7/14
  1064 | D        | Noticed a blink frog
  1064 | D        | Noticed a blink frog
  1064 | D        | Noticed a blink frog
  1064 | D        | Noticed a blink frog
  1064 | D        | Noticed a kobold demonologist
  1064 | D        | Noticed a kobold demonologist
  1064 | D        | Noticed a kobold demonologist
  1065 | D        | Noticed a blink frog
  1066 | D        | Noticed an orange demon
  1068 | D        | Killed a blink frog
  1069 | D        | Reached skill level 5 in Spellcasting
  1069 | D        | Reached skill level 5 in Transmutations
  1070 | D        | Noticed a smoke demon
  1070 | D        | Killed a blink frog
  1070 | D        | Killed a blink frog
  1071 | D        | Reached skill level 5 in Conjurations
  1071 | D        | Killed a kobold demonologist
  1071 | D        | Identified Sif Muna's Volume of the Dusty Blaze (Sif Muna
                  | gifted it to you in the Dungeon)
  1071 | D        | Received a gift from Sif Muna
  1071 | D        | Killed a blink frog
  1072 | D        | Reached XP level 9. HP: 44/52 MP: 10/18
  1073 | D        | Killed a kobold demonologist
  1076 | D        | Killed a kobold demonologist
  1078 | D        | Reached skill level 14 in Earth Magic
  1458 | D        | Learned a level 6 spell: Statue Form
  1465 | D        | Learned a level 6 spell: Iron Shot
  1478 | D        | Noticed an ice devil
  1482 | D        | Killed an ice devil
  1482 | D        | Noticed a demonic crawler
  1486 | D        | Killed a demonic crawler
  1486 | D        | Identified Sif Muna's Guide on Lightness (Sif Muna gifted
                  | it to you in the Dungeon)
  1486 | D        | Received a gift from Sif Muna
  1604 | D        | Identified Ehaavaby's Reference Book on Ashen Darkness (Sif
                  | Muna gifted it to you in the Dungeon)
  1604 | D        | Received a gift from Sif Muna
  1626 | D        | Noticed a sea snake
  1626 | D        | Noticed a molten gargoyle
  1626 | D        | Noticed a deep elf zephyrmancer
  1626 | D        | Noticed a demonic crawler
  1631 | D        | Killed a molten gargoyle
  1632 | D        | Reached XP level 10. HP: 40/57 MP: 10/21
  1635 | D        | Killed a sea snake
  1638 | D        | Killed a deep elf zephyrmancer
  1751 | D        | Noticed Maurice
  1752 | D        | Noticed a deep troll
  1754 | D        | Killed Maurice
  1754 | D        | Identified Sif Muna's Papyrus of Excruciating Hexes (Sif
                  | Muna gifted it to you in the Dungeon)
  1754 | D        | Received a gift from Sif Muna
  1763 | D        | Noticed a bog body
  1763 | D        | HP: 2/57 [snapping turtle (3)]
  1765 | D        | Noticed a swamp dragon
  1765 | D        | Mangled by a deep troll

Illustrated notes

Levels and vault maps discovered:
D:        pitsprint [storerooms_1, entrance_room_1, metal_vault_3, armoury_2,
          mini_pit_1, grid_room_1, main_hall_1, silver_pit, the_coven_2,
          the_vestibule_1, steel_vault_1, golden_pit, hallway_of_sentries,
          crystal_vault_5, iron_vault_4, final_vault]

Skill      XL: |  1  2  3  4  5  6  7  8  9 10 |
---------------+-------------------------------+-----
Earth Magic    | 4 6 11 12 13 14 | 14.8
Dodging        | 4 5 6 8 9 |  9.2
Spellcasting   | 4 6 7 8 |  8.6
Conjurations   | 3 4 6 7 9 |  9.0
Transmutations | 3 4 6 8 9 |  9.0
Invocations    | 4 5 7 8 9 |  9.9
Fighting       | |  0.4
Stealth        | |  2.6
Unarmed Combat | |  0.2

Action                   |  1- 3 |  4- 6 |  7- 9 | 10-12 || total
-------------------------+-------+-------+-------+-------++-------
Melee: Unarmed           |    23 |       |       |       ||    23
       Constrict         |     4 |       |       |       ||     4
       Tentacles         |     4 |       |       |       ||     4
       Quarterstaff      |     2 |     3 |       |       ||     5
 Cast: Sandblast         |    20 |     9 |     5 |       ||    34
       Lee's Rapid Decon |       |     1 |    20 |    11 ||    32
Invok: Channel Magic     |       |       |     3 |     2 ||     5
  Use: Potion            |     3 |       |     1 |     4 ||     8
 Stab: Sleeping          |     1 |     1 |       |       ||     2
Armor: Skin              |     3 |       |       |       ||     3
Dodge: Dodged            |    22 |     4 |     7 |    17 ||    50

Table legend: (Time is in decaauts)
 A = Elapsed time spent in this place.
 B = Non-inter-level travel time spent in this place.
 C = Inter-level travel time spent in this place.
 D = Time resting spent in this place.
 E = Time spent auto-exploring this place.
 F = Levels seen in this place.
 G = Mean time per level.
                   A        B        C        D        E       F      G
               +--------+--------+--------+--------+--------+-----+--------+
         Total |   1765 |   1709 |     56 |   1280 |      0 |   1 | 1765.0 |
       Dungeon |   1765 |   1709 |     56 |   1280 |      0 |   1 | 1765.0 |
               +--------+--------+--------+--------+--------+-----+--------+

Top non-repeatable levels by time:
       D: 1765 daAuts
